 Dungeon Crawl Stone Soup version 0.30.1-4-g462c640d31 (webtiles) character file.

Game seed: 7271743761847108867

17980 Gorgoleon the Fencer (level 12, -4/94 HPs)
             Began as a Merfolk Gladiator on Aug 16, 2023.
             Was a High Priest of Okawaru.
             Killed from afar by Frances (27 damage)
             ... with an iron shot
             ... on level 12 of the Dungeon.
             The game lasted 00:43:05 (14798 turns).

Gorgoleon the Fencer (Merfolk Gladiator)           Turns: 14798, Time: 00:43:05

Health: -4/94      AC: 15    Str: 22    XL:     12   Next: 53%
Magic:  14/15      EV: 27    Int: 12    God:    Okawaru [*****.]
Gold:   1039       SH:  8    Dex: 24    Spells: 11/11 levels left

rFire   . . .        y - +4 double sword (heavy)
rCold   . . .        z - +0 buckler
rNeg    + . .        J - +0 steam dragon scales
rPois   +            F - +1 helmet
rElec   .            G - +2 ratskin cloak {*Rats rPois rN+ Str-1 Int-1 Dex+1}
rCorr   +            N - +1 pair of gloves "Voakour" {Str+4 Dex+2 Stlth+}
SInv    .            (no boots)
Will    .....        (no amulet)
Stlth   ++++         k - ring of resist corrosion
HPRegen 0.35/turn    A - ring "Bythrazigi" {Int+6 Dex+3}
MPRegen 0.14/turn

%: no passive effects
@: heroic, hasted, very quick
A: (nimble swimmer 2), mertail, sense surroundings 1, strong 1
a: Renounce Religion, Heroism, Finesse, Duel


You were on level 12 of the Dungeon.
You worshipped Okawaru.
Okawaru was extremely pleased with you.
You visited 2 branches of the dungeon, and saw 13 of its levels.
You also visited: Ossuary.

You collected 1142 gold pieces.
You spent 103 gold pieces at shops.

Inventory:

Hand Weapons
 a - a +1 long sword
 y - a +4 heavy double sword (weapon)
 H - a +0 whip of flaming
Missiles
 d - 6 throwing nets
 e - 6 javelins
 f - 137 stones (quivered)
 o - 2 boomerangs
 t - 38 poisoned darts
 K - 7 datura-tipped darts
 O - a silver javelin
Armour
 z - a +0 buckler (worn)
 F - a +1 helmet (worn)
 G - the +2 ratskin cloak (worn) {*Rats rPois rN+ Str-1 Int-1 Dex+1}
   (You found it on level 8 of the Dungeon)

   *Rats:     When the wearer is hurt, rats may emerge from it to assist them.
   Str:       It affects your strength (-1).
   Int:       It affects your intelligence (-1).
   Dex:       It affects your dexterity (+1).
   rPois:     It protects you from poison.
   rN:        It protects you from negative energy.
 J - +0 steam dragon scales (worn)
 N - the +1 pair of gloves "Voakour" (worn) {Str+4 Dex+2 Stlth+}
   (You found it on level 11 of the Dungeon)

   Str:       It affects your strength (+4).
   Dex:       It affects your dexterity (+2).
   Stlth:     It makes you more stealthy.
Jewellery
 g - a ring of fire
 k - a ring of resist corrosion (left hand)
 A - the ring "Bythrazigi" (right hand) {Int+6 Dex+3}
   (You found it on level 6 of the Dungeon)

   [ring of intelligence]

   Int:       It affects your intelligence (+6).
   Dex:       It affects your dexterity (+3).
 M - an amulet of magic regeneration
Wands
 b - a wand of quicksilver (10)
 c - a wand of mindburst (13)
 v - a wand of charming (33)
 x - a wand of iceblast (11)
Scrolls
 i - 2 scrolls of poison
 j - 2 scrolls of identify
 l - a scroll of amnesia
 u - a scroll of fear
 w - a scroll of butterflies
 B - a scroll of silence
 E - a scroll of magic mapping
 I - a scroll of fog
Potions
 h - 3 potions of brilliance
 m - a potion of flight
 n - 3 potions of mutation
 p - 4 potions of lignification
 q - 2 potions of attraction
 s - a potion of magic
 C - a potion of resistance
 L - a potion of ambrosia
 P - a potion of heal wounds


   Skills:
 * Level 8.9(13.9) Fighting
 - Level 16.0(21.0) Long Blades
 * Level 5.2(10.2) Throwing
 * Level 4.7(9.7) Armour
 * Level 11.5(16.5) Dodging
 - Level 5.0(10.0) Shields
 * Level 4.2 Invocations


You had 11 spell levels left.
You didn't know any spells.
Your spell library contained the following spells:

 Spells                   Type           Power      Damage    Failure   Level
 Apportation              Tloc           0%         N/A       36%         1
 Magic Dart               Conj           0%         1d3       36%         1
 Necrotise                Necr           0%         1d4       36%         1
 Sandblast                Erth           0%         2d4       36%         1
 Passwall                 Tmut/Erth      0%         N/A       50%         2
 Searing Ray              Conj           0%         2d4       50%         2
 Frozen Ramparts          Ice            0%         1d1       75%         3
 Gell's Gravitas          Tloc           0%         N/A       75%         3
 Inner Flame              Hex/Fire       0%         N/A       75%         3
 Portal Projectile        Hex/Tloc       0%         N/A       75%         3
 Stone Arrow              Conj/Erth      0%         3d7       75%         3
 Teleport Other           Tloc           0%         N/A       75%         3
 Flame Wave               Conj/Fire      0%         2d4       98%         4
 Fulminant Prism          Conj/Hex       0%         3d5       98%         4
 Ice Form                 Ice/Tmut       0%         N/A       98%         4
 Passage of Golubria      Tloc           0%         N/A       98%         4
 Sticky Flame             Conj/Fire      0%         2d3       98%         4
 Blade Hands              Tmut           0%         N/A       100%        5
 Silence                  Hex/Air        0%         N/A       100%        5
 Dispersal                Tloc           0%         N/A       100%        6
 Lehudib's Crystal Spear  Conj/Erth      0%         10d2      100%        8
 Summon Small Mammal      Summ           Unusable   N/A       N/A         1
 Call Canine Familiar     Summ           Unusable   N/A       N/A         3
 Summon Guardian Golem    Hex/Summ       Unusable   N/A       N/A         3
 Tukima's Dance           Hex            Unusable   N/A       N/A         3
 Summon Ice Beast         Ice/Summ       Unusable   N/A       N/A         4

Dungeon Overview and Level Annotations

Branches:
Dungeon (12/15)            Temple (1/1) D:7            Lair (0/5) D:11
Ossuary (visited)
    Orc: D:9-12

Altars:
Ashenzari
Cheibriados
Dithmenos
Elyvilon
Fedhas
Gozag
Hepliaklqana
Kikubaaqudgha
Makhleb
Nemelex Xobeh
Okawaru
Qazlal
Ru
Sif Muna
Trog
Uskayaw
Vehumet
Wu Jian
Xom
Yredelemnul
Zin
The Shining One

Shops:
D:7 *

Annotations:
D:12 Frances


Innate Abilities, Weirdness & Mutations

((You are very nimble when in or above water. (Stealth+, EV+, Speed+++)))
Your lower body shifts to a powerful aquatic tail in water.
You passively map a small area around you.
Your muscles are strong. (Str +4, Int/Dex -1)


Message History

Frances says, "I have seen worlds and universes beyond all imagining."
Frances mutters in a terrible tongue.
The shard of ice hits you!!! Frances completely misses you.
You slash Frances!
Frances is lightly wounded.
Frances hits you with a +0 halberd!!
* * * LOW HITPOINT WARNING * * *
Frances completely misses you.
You slash Frances!
Frances is moderately wounded.
Frances closely misses you.
You barely miss Frances.
Frances is moderately wounded.
Frances misses you. Frances barely misses you.
You barely miss Frances.
Frances is moderately wounded.
Frances completely misses you.
You feel yourself speed up. Frances misses you. x2
You hit Frances but do no damage.
Frances is moderately wounded.
Frances misses you.
You hit Frances.
Frances is moderately wounded.
Frances mutters in a terrible tongue.
The iron shot misses you.
You closely miss Frances.
Frances is moderately wounded.
Frances misses you.
You closely miss Frances.
Frances is moderately wounded.
You block Frances's attack.
You barely miss Frances.
Frances is moderately wounded.
Frances hits you with a +0 halberd.
* * * LOW HITPOINT WARNING * * *
You hit Frances but do no damage.
Frances is moderately wounded.
Frances screams a word of power!
The iron shot hits you!!
You die...

#......# *, ,
#......#..# , ,
#......#..# , ,
#......#..# *
#......#..# ,
#..<...#..# *
##......#..# * ,,
........<#..###..
,
###...##.@........
, #...*#.@........
#.. #...
#.(....###. , #..
#... #.($...# #..
* #... #......# *
#.. * #...(..# , ,
#.. , #......# *
#.. , #......# ,
#.. ,, , *#.<


You could see Frances (fast, very poisoned).

Vanquished Creatures
  The ghost of growler the Basher, a journeyman HuFi of Okawaru (D:11)
  Erolcha (D:11)
  2 two-headed ogres (D:11)
  5 skeletal warriors (D:11)
  Lodul (D:11)
  An ugly thing (D:11)
  A manticore (D:11)
  Maggie (D:8)
  A komodo dragon (D:11)
  4 trolls
  2 hornets
  A water elemental (D:11)
  A vampire (D:12)
  9 yaks
  5 wyverns
  2 steam dragons
  2 basilisks (D:11)
  8 vampire mosquitoes
  Menkaure (Ossuary)
  Duvessa (D:7)
  An acid dragon (D:11)
  7 water moccasins
  2 black bears
  8 ogres (D:11)
  6 orc warriors
  3 ice beasts
  4 centaurs
  4 phantoms
  3 kobold brigands
  2 bullfrogs
  3 scorpions
  4 wights (D:7)
  Dowan (D:7)
  5 killer bees (D:9)
  2 electric eels (D:11)
  5 howler monkeys
  12 orc priests
  2 gnoll boudas
  5 hounds
  A jelly (D:7)
  A sleepcap (D:5)
  3 iguanas
  9 orc wizards
  4 mummies
  12 gnolls
  8 adders
  5 white imps
  3 ufetubi
  3 worms
  2 dart slugs (D:1)
  29 orcs
  9 ball pythons
  7 bats
  2 endoplasms (D:2)
  2 giant cockroaches
  4 gnoll zombies (Ossuary)
  8 goblins
  9 hobgoblins
  6 jackals
  23 kobolds
  A quokka (D:2)
  6 frilled lizards (D:1)
  5 gnoll skeletons (Ossuary)
  4 goblin skeletons (Ossuary)
  7 goblin zombies (Ossuary)
  4 hobgoblin skeletons (Ossuary)
  3 hobgoblin zombies (Ossuary)
  3 kobold skeletons (Ossuary)
  3 kobold zombies (Ossuary)
  6 orc skeletons (Ossuary)
  4 orc zombies (Ossuary)
  8 rats
  3 rat skeletons (Ossuary)
  4 rat zombies (Ossuary)
340 creatures vanquished.

Notes
Turn   | Place    | Note
-------+----------+-------------------------------------------
     0 | D:1      | Gorgoleon the Merfolk Gladiator began the quest for the
                  | Orb.
     0 | D:1      | Reached XP level 1. HP: 16/16 MP: 1/1
    94 | D:1      | Reached skill level 4 in Long Blades
    94 | D:1      | Reached XP level 2. HP: 12/23 MP: 2/2
   216 | D:1      | Reached XP level 3. HP: 26/28 MP: 3/3
   473 | D:1      | Reached skill level 1 in Armour
  1280 | D:2      | Reached XP level 4. HP: 21/35 MP: 4/4
  1487 | D:2      | Reached skill level 5 in Long Blades
  1802 | D:2      | Found a faded altar of an unknown god.
  1802 | D:2      | Noticed a hell beast
  2543 | D:2      | Reached XP level 5. HP: 34/41 MP: 5/5
  2915 | D:3      | Reached skill level 6 in Long Blades
  3038 | D:3      | Reached XP level 6. HP: 38/47 MP: 6/6
  3216 | D:3      | Reached skill level 7 in Long Blades
  3816 | D:4      | Found a stormy altar of Qazlal.
  3922 | D:4      | Reached skill level 8 in Long Blades
  3922 | D:4      | Reached XP level 7. HP: 44/52 MP: 7/7
  4442 | D:5      | Entered Level 5 of the Dungeon
  4564 | D:5      | Found a sand-covered staircase.
  4581 | Ossuary  | Entered an ossuary
  4873 | Ossuary  | Reached skill level 9 in Long Blades
  5034 | Ossuary  | Noticed Menkaure
  5038 | Ossuary  | Gained mutation: You are clumsy. (Dex -2) [potion of
                  | mutation]
  5038 | Ossuary  | Gained mutation: Your muscles are strong. (Str +4, Int/Dex
                  | -1) [potion of mutation]
  5038 | Ossuary  | Gained mutation: You passively map a small area around you.
                  | [potion of mutation]
  5038 | Ossuary  | Lost mutation: You are clumsy. (Dex -2) [potion of
                  | mutation]
  5084 | Ossuary  | Killed Menkaure
  5535 | D:5      | Reached skill level 10 in Long Blades
  5587 | D:5      | Reached XP level 8. HP: 54/58 MP: 8/8
  5739 | D:5      | Reached skill level 11 in Long Blades
  6803 | D:6      | Reached skill level 12 in Long Blades
  6803 | D:6      | Identified the ring "Bythrazigi" {Int+6 Dex+3}
  7071 | D:6      | Found a white marble altar of Elyvilon.
  7244 | D:6      | Found an ancient bone altar of Kikubaaqudgha.
  7757 | D:7      | Identified a scroll of acquirement
  7757 | D:7      | Acquired a +3 double sword of holy wrath
  7776 | D:7      | Found a staircase to the Ecumenical Temple.
  7813 | D:7      | Reached skill level 13 in Long Blades
  7813 | D:7      | Reached XP level 9. HP: 28/63 MP: 9/9
  8007 | D:7      | Found Ea-nāṣir's Fine Metal Goods.
  8020 | D:7      | Bought a buckler for 103 gold pieces
  8338 | D:7      | Reached skill level 14 in Long Blades
  8405 | D:7      | Reached skill level 1 in Shields
  8532 | D:7      | Found a broken altar of Ashenzari.
  8621 | D:7      | Noticed Duvessa
  8629 | D:7      | Noticed Dowan
  8630 | D:7      | Killed Duvessa
  8635 | D:7      | Killed Dowan
  9069 | Temple   | Entered the Ecumenical Temple
  9144 | Temple   | Became a worshipper of Warmaster Okawaru
  9532 | D:8      | Found an opulent altar of Gozag.
  9550 | D:8      | Found the +2 ratskin cloak {*Rats rPois rN+ Str-1 Int-1
                  | Dex+1}
  9583 | D:8      | Noticed a hornet
  9589 | D:8      | Killed a hornet
  9590 | D:8      | Reached skill level 15 in Long Blades
  9590 | D:8      | Reached skill level 1 in Invocations
  9941 | D:8      | Found an ornate altar of the Wu Jian Council.
  9945 | D:8      | Noticed Maggie
  9960 | D:8      | Killed Maggie
  9960 | D:8      | Reached * piety under Okawaru
  9961 | D:8      | Reached XP level 10. HP: 62/70 MP: 11/11
  9997 | D:8      | Reached skill level 16 in Long Blades
 10573 | D:9      | Reached ** piety under Okawaru
 10731 | D:9      | Reached skill level 5 in Dodging
 10760 | D:9      | Reached skill level 5 in Fighting
 10858 | D:9      | Found a sparkling altar of Nemelex Xobeh.
 11136 | D:9      | Found a shadowy altar of Dithmenos.
 11218 | D:9      | Reached *** piety under Okawaru
 11314 | D:10     | Entered Level 10 of the Dungeon
 11558 | D:10     | Reached XP level 11. HP: 80/81 MP: 12/12
 11600 | D:10     | Found a basalt altar of Yredelemnul.
 11600 | D:10     | Found a burning altar of Makhleb.
 11753 | D:10     | Identified the +0 scale mail of Cygugim {Fly rF+}
 11884 | D:10     | Received a gift from Okawaru
 12002 | D:10     | Found a shimmering altar of Xom.
 12003 | D:10     | Found a glowing golden altar of the Shining One.
 12204 | D:11     | Noticed Lodul
 12249 | D:11     | Reached skill level 5 in Shields
 12400 | D:11     | Killed Lodul
 12400 | D:11     | Reached **** piety under Okawaru
 12709 | D:11     | Found a staircase to the Lair.
 12721 | D:11     | Noticed a two-headed ogre
 12738 | D:11     | Killed a two-headed ogre
 12738 | D:11     | Reached ***** piety under Okawaru
 12738 | D:11     | Received a gift from Okawaru
 13286 | D:11     | Found a bloodstained altar of Trog.
 13405 | D:11     | Found a runed translucent door.
 13406 | D:11     | Noticed growler's ghost (journeyman HuFi)
 13421 | D:11     | Killed growler's ghost
 13422 | D:11     | Reached skill level 10 in Dodging
 13422 | D:11     | Reached XP level 12. HP: 66/91 MP: 11/14
 13423 | D:11     | Identified the +1 pair of gloves "Voakour" {Str+4 Dex+2
                  | Stlth+}
 13572 | D:11     | Received a gift from Okawaru
 13623 | D:11     | Noticed Erolcha
 13628 | D:11     | Killed Erolcha
 13847 | D:12     | Noticed a two-headed ogre
 13981 | D:12     | Noticed Frances
 14296 | D:11     | Received a gift from Okawaru
 14296 | D:11     | Found the +18 Lear's hauberk
 14304 | D:11     | Killed a two-headed ogre
 14305 | D:11     | Reached skill level 5 in Throwing
 14798 | D:12     | Killed from afar by Frances

Illustrated notes

Levels and vault maps discovered:
D:1:      dpeg_arrival_court, layout_basic
D:2:      layout_basic, dreamdust_ecumenical_altar_sealed_demon, minivault_5,
          corexii_item_surrounded_by_moat, nicolae_figureground_pulse
D:3:      layout_basic, minivault_23, hangedman_decor_peaks_small
D:4:      layout_cave_pods, mainiacjoe_overflow_chevrons,
          nicolae_figureground_sparkle
D:5:      layout_basic, gup_ossuary_entry_pyramid
D:6:      layout_basic, lemuel_doored_altar, mainiacjoe_overflow_24_doors
D:7:      minmay_recursive_quarters, layout_basic, mainiacjoe_overflow_alcove_4,
          minmay_temple_entry_slanted, nicolae_ea-nasir_strikes_again,
          uniq_duvessa
D:8:      layout_loops_corners, grunt_gozag_statues,
          mainiacjoe_overflow_small_starburst, uniq_maggie
D:9:      minmay_angry_zag, layout_rooms, nemelex_spade_bored_becter,
          mainiacjoe_overflow_six_doors_small
D:10:     layout_cave_pools, mainiacjoe_overflow_divided_tiny,
          jmf_multi_god_temple, hangedman_decor_riveting
D:11:     layout_basic, minmay_lair_entry_grove, gammafunk_ghost_grave,
          trog_hazing_becter, uniq_lodul, uniq_erolcha
D:12:     lemuel_slime, layout_long_grid, orc_0_dummy, palyth_stone_intersect,
          uniq_frances
Temple:   compressed_dpeg_circular_temple

Skill      XL: |  1  2  3  4  5  6  7  8  9 10 11 12 |
---------------+-------------------------------------+-----
Long Blades    | 4 5 6 8 10 13 15 16 | 16.0
Armour         | 1 2 3 4 |  4.7
Fighting       | 3 6 7 8 |  8.9
Shields        | 2 3 5 |  5.0
Invocations    | 2 3 4 |  4.2
Throwing       | 3 4 5 |  5.2
Dodging        | 6 10 11 | 11.5

Action                     |  1- 3 |  4- 6 |  7- 9 | 10-12 || total
---------------------------+-------+-------+-------+-------++-------
  Melee: Long sword        |   112 |   152 |   329 |       ||   593
         Punch             |     5 |       |     4 |       ||     9
         Double sword      |       |       |    86 |   308 ||   394
  Throw: Stone             |       |     1 |       |    29 ||    30
         Throwing net      |       |     1 |       |       ||     1
         Dart              |       |       |       |     3 ||     3
 Invoke: Heroism           |       |       |       |     3 ||     3
    Use: Potion            |       |     1 |    10 |     6 ||    17
         Scroll            |       |     9 |    11 |     4 ||    24
   Stab: Distracted        |       |       |       |     1 ||     1
         Sleeping          |       |       |       |     1 ||     1
 Armour: Leather armour    |    15 |       |       |       ||    15
         Ring mail         |    11 |    50 |   102 |       ||   163
         Skin              |       |       |    13 |       ||    13
         Steam dragon scal |       |       |       |    71 ||    71
  Dodge: Dodged            |    71 |    93 |   177 |   231 ||   572
  Block: Buckler           |       |       |    16 |    80 ||    96
